 Dungeon Crawl Stone Soup version 0.29-a0-322-g68df515428 (webtiles) character file.

Game seed: 2009933485487227549

107 Bnni the Slasher (level 4, 0/33 HPs)
             Began as an Octopode Fighter on Apr 6, 2022.
             Slain by a jackal (3 damage)
             ... on level 3 of the Dungeon.
             The game lasted 00:02:18 (2575 turns).

Bnni the Slasher (Octopode Fighter)                 Turns: 2575, Time: 00:02:19

Health: 0/33       AC: -3    Str: 15    XL:     4   Next: 85%
Magic:  4/4        EV: 13    Int: 10    God:
Gold:   163        SH:  4    Dex: 13    Spells: 3/3 levels left

rFire   . . .      SeeInvis .   a - +0 long sword
rCold   . . .      Faith    .   b - +0 buckler
rNeg    . . .      Spirit   .   (helmet restricted)
rPois   +          Reflect  .   (no amulet)
rElec   .          Harm     .   e - ring of poison resistance
rCorr   .          Rampage  .   (no ring)
Will    .....                   (no ring)
Stlth   ++........              (no ring)
HPRegen 0.11/turn               (no ring)
MPRegen 0.09/turn               (no ring)
                                (no ring)
                                (no ring)

@: corroded
A: almost no armour, amphibious, 8 rings, camouflage 1, gelatinous body 1,
(nimble swimmer 1), tentacles
a: no special abilities


You were on level 3 of the Dungeon.
You visited 1 branch of the dungeon, and saw 3 of its levels.

You collected 163 gold pieces.

Inventory:

Hand Weapons
 a - a +0 long sword (weapon)
Missiles
 p - a throwing net (quivered)
Armour
 b - a +0 buckler (worn)
Jewellery
 e - a ring of poison resistance (left tentacle)
Wands
 r - a wand of acid (12)
Scrolls
 d - 4 scrolls of identify {unknown}
 g - a scroll of noise {unknown}
 j - a scroll of magic mapping {unknown}
 k - a scroll of holy word {unknown}
 l - 3 scrolls of fear {unknown}
 n - 2 scrolls of immolation {unknown}
 o - a scroll of blinking {unknown}
 q - 2 scrolls of teleportation {unknown}
Potions
 c - a potion of might
 f - a potion of invisibility {unknown}
 h - 2 potions of lignification {unknown}
 i - a potion of ambrosia {unknown}
 m - a potion of brilliance {unknown}


   Skills:
 + Level 3.9 Fighting
 * Level 4.1 Long Blades
 - Level 3.0 Dodging
 - Level 3.0 Shields


You had 3 spell levels left.
You didn't know any spells.
Your spell library contained the following spells:

 Spells                   Type           Power      Damage    Failure   Level
 Sandblast                Erth           0%         2d4       45%         1
 Passwall                 Tmut/Erth      0%         N/A       58%         2
 Stone Arrow              Conj/Erth      0%         3d7       83%         3


Dungeon Overview and Level Annotations

Branches:
Dungeon (3/15)

Altars:


Innate Abilities, Weirdness & Mutations

You cannot wear most types of armour.
You are amphibious.
You can wear up to eight rings at the same time.
Your skin changes colour to match your surroundings (Stealth+).
Your rubbery body absorbs attacks. (AC +1, EV +1)
((You are camouflaged when in or above water. (Stealth+)))
You have tentacles for arms and can constrict up to eight enemies at once.


Message History

The giant cockroach attacks as you move away!
You block the giant cockroach's attack. The jackal attacks as you move away!
You block the jackal's attack. The jackal bites you.
The giant cockroach attacks as you move away!
The giant cockroach barely misses you. The jackal attacks as you move away!
The jackal closely misses you. You block the giant cockroach's attack.
The jackal attacks as you move away! The jackal misses you.
The jackal bites you.
You hit the giant cockroach.
You kill the giant cockroach!
The jackal closely misses you. The jackal bites you.
You hit the jackal. Your grab misses the jackal. You squeeze the jackal.
You kill the jackal!
You closely miss the jackal. Your grab misses the jackal. The jackal bites you.
The jackal barely misses you.
You hit the jackal but do no damage. Your grab misses the jackal.
The jackal closely misses you. The jackal bites you.
You closely miss the jackal. Your grab misses the jackal.
The jackal misses you. The jackal barely misses you.
You hit the jackal.
You kill the jackal!
You completely miss the jackal. Your grab misses the jackal.
The jackal closely misses you. The jackal bites you.
You hit the jackal.
You kill the jackal!
You hit the jelly but do no damage.
Your tentacles burn!
The jelly barely misses you.
You barely miss the jelly. You tentacle-slap the jelly. You squeeze the jelly.
The jelly is moderately wounded.
The jelly hits you but does no damage. The jelly hits you.
* * * LOW HITPOINT WARNING * * *
The acid corrodes you!
You are splashed with acid.
* * * LOW HITPOINT WARNING * * *
You barely miss the jelly. You squeeze the jelly!
The jelly is almost dead.
The jelly barely misses you.
You hit the jelly.
You kill the jelly!
The jackal bites you.
You die...

........# ........#
........# ........#
...?....# ......†.#
........######
.)...........#######
##............h@...#
#.#########.#####.#
#. .........)..#.# .
#######.###.#.# #.#
#.#.# #.# #.#.# #.#
#.#.# #.# #.#.# #..
#.#.#


You could see a jackal.

Vanquished Creatures
  A jelly (D:3)
  Robin (D:2)
  4 adders
  A worm (D:2)
  A dart slug (D:2)
  2 bats (D:2)
  2 endoplasms
  A giant cockroach (D:3)
  9 goblins
  6 hobgoblins
  9 jackals
  A kobold (D:2)
  3 quokkas
  3 ball pythons
  4 frilled lizards
  2 rats (D:1)
50 creatures vanquished.

Notes
Turn   | Place    | Note
-------+----------+-------------------------------------------
     0 | D:1      | Bnni the Octopode Fighter began the quest for the Orb.
     0 | D:1      | Reached XP level 1. HP: 16/16 MP: 1/1
   426 | D:1      | Found a faded altar of an unknown god.
   806 | D:2      | Reached XP level 2. HP: 21/21 MP: 2/2
   850 | D:2      | Reached skill level 3 in Long Blades
   850 | D:2      | Reached XP level 3. HP: 18/26 MP: 3/3
  1459 | D:2      | Noticed Robin
  1471 | D:2      | Killed Robin
  1475 | D:2      | Reached XP level 4. HP: 5/32 MP: 4/4
  2447 | D:3      | Reached skill level 4 in Long Blades
  2575 | D:3      | Slain by a jackal

Illustrated notes

Levels and vault maps discovered:
D:1:      dpeg_arrival_short_road, layout_loops_ring,
          shapermc_ecumenical_altar_ellora
D:2:      layout_loops_ring, uniq_robin
D:3:      layout_loops_ring, st_stairs_12

Skill      XL: |  1  2  3  4 |
---------------+-------------+-----
Long Blades    | 3 4 |  4.1
Fighting       | |  3.9
Dodging        | |  3.0
Shields        | |  3.0

Action                   |  1- 3 |  4- 6 || total
-------------------------+-------+-------++-------
Melee: Long sword        |    54 |    50 ||   104
       Constrict         |    19 |     7 ||    26
       Tentacles         |     4 |     6 ||    10
       Punch             |     1 |     2 ||     3
 Stab: Sleeping          |     4 |     4 ||     8
Armor: Skin              |     3 |     4 ||     7
Dodge: Dodged            |    35 |    39 ||    74
Block: Buckler           |    14 |    16 ||    30

Table legend: (Time is in decaauts)
 A = Elapsed time spent in this place.
 B = Non-inter-level travel time spent in this place.
 C = Inter-level travel time spent in this place.
 D = Time resting spent in this place.
 E = Time spent auto-exploring this place.
 F = Levels seen in this place.
 G = Mean time per level.
                   A        B        C        D        E       F      G
               +--------+--------+--------+--------+--------+-----+--------+
         Total |   2601 |   2538 |     63 |    519 |   1708 |   3 |  867.0 |
       Dungeon |   2601 |   2538 |     63 |    519 |   1708 |   3 |  867.0 |
               +--------+--------+--------+--------+--------+-----+--------+

Top non-repeatable levels by time:
     D:2: 1529 daAuts
     D:1: 805 daAuts
     D:3: 265 daAuts
